 Dungeon Crawl Stone Soup version 0.29-a0-270-g1586fc07ea (webtiles) character file.

Game seed: 3564210233415535161

6953 frogsbabysitter the Agent of Entropy (level 11, -2/87 HPs)
             Began as a Formicid Abyssal Knight on Mar 8, 2022.
             Was a Priest of Lugonu.
             Slain by a blink frog (11 damage)
             ... on level 1 of the Lair of Beasts.
             The game lasted 00:28:26 (13810 turns).

frogsbabysitter the Agent of Entropy (FoAK)        Turns: 13810, Time: 00:28:27

Health: -2/87      AC:  9    Str: 28    XL:     11   Next: 28%
Magic:  20/20      EV:  8    Int: 10    God:    Lugonu [***...]
Gold:   660        SH:  0    Dex: 11    Spells: 10/10 levels left

rFire   . . .      SeeInvis +   B - +3 quarterstaff (chaos)
rCold   . . .      Faith    .   (no shield)
rNeg    . . .      Spirit   .   D - +0 chain mail {Will+}
rPois   +          Reflect  .   (helmet unavailable)
rElec   .          Harm     .   C - +0 cloak
rCorr   .          Rampage  .   (no gloves)
Will    ++...                   (no boots)
Stlth   ..........              (no amulet)
HPRegen 0.24/turn               c - +6 ring of strength
MPRegen 0.17/turn               F - ring of poison resistance

@: no status effects
A: permanent stasis, dig shafts and tunnels, antennae 3, four strong arms
a: Dig, Shaft Self, Renounce Religion, Depart the Abyss, Bend Space, Banish


You were on level 1 of the Lair of Beasts.
You worshipped Lugonu.
Lugonu was most pleased with you.
You visited 2 branches of the dungeon, and saw 12 of its levels.
You visited the Abyss 1 time.

You collected 660 gold pieces.

Inventory:

Hand Weapons
 a - a +1 falchion
 l - a +0 whip of flaming
 s - a +1 whip of pain
 B - a +3 quarterstaff of chaos (weapon)
Missiles
 n - 162 stones
 w - 3 curare-tipped darts
 x - 8 boomerangs (quivered)
Armour
 b - a +0 leather armour
 o - a +2 scale mail of cold resistance
 t - a +0 scale mail
 C - a +0 cloak (worn)
 D - a +0 chain mail of willpower (worn)
Jewellery
 c - a +6 ring of strength (left hand)
 E - a ring of magical power
 F - a ring of poison resistance (right hand)
 M - a ring of protection from fire
Wands
 m - a wand of iceblast (17)
 K - a wand of flame (21)
Scrolls
 d - 2 scrolls of fog
 e - a scroll of noise {unknown}
 i - 2 scrolls of amnesia
 p - a scroll of blinking {unknown}
 r - 2 scrolls of fear {unknown}
 u - a scroll of acquirement {unknown}
 v - a scroll of immolation {unknown}
 y - 3 scrolls of enchant weapon {unknown}
 z - 2 scrolls of vulnerability {unknown}
 H - a scroll of magic mapping {unknown}
 J - a scroll of teleportation
 L - a scroll of brand weapon {unknown}
Potions
 f - 2 potions of berserk rage {unknown}
 g - 2 potions of flight
 h - 4 potions of haste
 j - 3 potions of cancellation
 k - 2 potions of degeneration {unknown}
 q - 5 potions of curing
 A - 3 potions of brilliance {unknown}
 G - 3 potions of heal wounds
 I - 3 potions of magic {unknown}
 N - a potion of attraction {unknown}


   Skills:
 + Level 8.8 Fighting
 - Level 4.5 Long Blades
 * Level 9.7 Staves
 - Level 2.1 Armour
 - Level 0.8 Dodging
 * Level 12.7 Invocations


You had 10 spell levels left.
You didn't know any spells.
Your spell library contained the following spells:

 Spells                   Type           Power      Damage    Failure   Level
 Slow                     Hex            0%         N/A       92%         1
 Sting                    Tmut/Pois      0%         1d3       92%         1
 Poisonous Vapours        Pois/Air       0%         N/A       98%         2
 Confusing Touch          Hex            0%         N/A       100%        3
 Vampiric Draining        Necr           0%         2d6       100%        3
 Olgreb's Toxic Radiance  Pois           0%         N/A       100%        4


Dungeon Overview and Level Annotations

Branches:
Dungeon (12/15)            Temple (0/1) D:7            Lair (1/6) D:11
    Orc (0/2) D:11

Altars:
Cheibriados
Dithmenos
Fedhas
Kikubaaqudgha
Nemelex Xobeh
Ru
Trog
Uskayaw
The Shining One

Annotations:
D:4 Blork the orc
D:6 Eustachio
D:11 corrupted


Innate Abilities, Weirdness & Mutations

You cannot be hasted, slowed, berserked, paralysed or teleported.
You can dig through walls and to a lower floor.
You have a pair of large antennae on your head. (SInv)
Your four strong arms can wield two-handed weapons with a shield.


Message History

The blink frog is moderately wounded.
The blink frog blinks!
The blink frog closely misses you.
You sock the blink frog! You drain the blink frog.
The blink frog is almost dead.
A blink frog comes into view.
The blink frog hits you but does no damage.
You closely miss the blink frog. Your punch misses the blink frog.
The blink frog is almost dead.
A blink frog comes into view.
The blink frog blinks!
The blink frog gives a loud, deep croak!
The blink frog blinks!
The blink frog barely misses you.
You thump the blink frog! You burn the blink frog.
You kill the blink frog!
Lugonu accepts your kill.
The blink frog blinks!
The blink frog closely misses you.
The blink frog blinks!
The blink frog hits you!
You see here a blink frog corpse.
You miss the blink frog.
The blink frog hits you but does no damage.
Throw: 8 boomerangs
Press: ? - help, Q - select action, (/) - cycle Shift-Dir - straight line, f/p - blink frog
Aim: a blink frog (severely wounded, strong, 39% to hit)
You throw a boomerang.
The boomerang closely misses the blink frog.
The blink frog barely misses you. x2; The blink frog hits you.
* * * LOW HITPOINT WARNING * * *
The blink frog hits you.
* * * LOW HITPOINT WARNING * * *
You barely miss the blink frog.
The blink frog is severely wounded.
The blink frog hits you!
* * * LOW HITPOINT WARNING * * *
The blink frog blinks!
The blink frog hits you but does no damage.
You closely miss the blink frog.
The blink frog is severely wounded.
The blink frog hits you!
You die...

....## #..### ### ... # #...#
#....###.## ..# # #####
##...##...## ..# #..
#....##....## ..# . ....
##...##.....##..#.........
#...##..F.........###.#..
##...##......#...#........
#.........F..#...# ......
#.##.....@...#..... ......
####..##....F§..##P..#.#.....
#.#......###...## #..# #.....
##.............# ..# ......
#............... ... #.....
#.............#.# #.....
##..........##### ......
##......##.# #.....
##.....####.. #.....


You could see 3 blink frogs.

Vanquished Creatures
  A deep elf pyromancer (D:11)
  A cane toad (Lair:1)
  A blink frog (Lair:1)
  A vampire (D:9)
  A yak (D:8)
  2 steam dragons
  Menkaure (D:6)
  A warg (D:11)
  A water moccasin (Lair:1)
  A black bear (shapeshifter) (Lair:1)
  A sky beast (D:7)
  2 black bears
  3 orc warriors
  4 wolves (Lair:1)
  A tengu (D:9)
  6 centaurs
  A phantom (D:5)
  2 kobold brigands
  7 bullfrogs
  2 scorpions
  3 wights (D:9)
  7 killer bees
  3 howler monkeys (D:7)
  A hound (D:5)
  Crazy Yiuf (D:5)
  4 orc priests
  A jelly (D:6)
  3 iguanas
  7 orc wizards
  4 gnolls (D:9)
  10 adders
  2 shadow imps
  2 white imps
  2 ufetubi (D:5)
  3 worms
  3 dart slugs
  42 orcs
  4 bats
  5 endoplasms
  A giant cockroach (D:3)
  3 goblins
  10 hobgoblins
  3 quokkas
  4 ball pythons
  A frilled lizard (D:3)
  12 kobolds
  2 rats
183 creatures vanquished.

Vanquished Creatures (others)
  A two-headed ogre (D:11)
  A kobold demonologist (D:11)
  A troll (D:11)
  5 slime creatures (D:11)
  5 yaks (D:11)
  2 wargs (D:11)
  An acid dragon (D:11)
  3 orc warriors (D:11)
  A human (D:6)
  2 ogres (D:11)
  2 centaurs (D:11)
  3 kobold brigands (D:11)
  3 gnoll sergeants (D:11)
  4 killer bees (D:11)
  An orc priest (D:11)
  4 orc wizards (D:11)
  10 gnolls (D:11)
  6 orcs (D:11)
  A fungus (Lair:1)
  3 plants
  11 starspawn tentacles (D:11)
70 creatures vanquished.

Grand Total: 253 creatures vanquished

Notes
Turn   | Place    | Note
-------+----------+-------------------------------------------
     0 | Abyss:1  | frogsbabysitter the Formicid Abyssal Knight began the quest
                  | for the Orb.
     0 | Abyss:1  | Reached XP level 1. HP: 18/18 MP: 2/2
     0 | D:1      | Escaped the Abyss
   363 | D:1      | Reached ** piety under Lugonu
   366 | D:1      | Reached XP level 2. HP: 20/24 MP: 3/3
   863 | D:1      | Reached XP level 3. HP: 22/29 MP: 5/5
  1085 | D:1      | Found a faded altar of an unknown god.
  1162 | D:2      | Reached skill level 3 in Invocations
  1847 | D:2      | Reached XP level 4. HP: 26/37 MP: 6/6
  2906 | D:2      | Reached XP level 5. HP: 37/42 MP: 7/7
  3037 | D:3      | Reached skill level 4 in Invocations
  3427 | D:3      | Found a blossoming altar of Fedhas.
  3815 | D:3      | Found a hide-covered altar of Uskayaw.
  4079 | D:4      | Found a bloodstained altar of Trog.
  4079 | D:4      | Found a shadowy altar of Dithmenos.
  4080 | D:4      | Found a snail-covered altar of Cheibriados.
  4115 | D:4      | Found a glowing golden altar of the Shining One.
  4191 | D:4      | Noticed Blork the orc
  4207 | D:5      | Entered Level 5 of the Dungeon
  4625 | D:5      | Reached *** piety under Lugonu
  4626 | D:5      | Reached XP level 6. HP: 48/48 MP: 9/9
  4910 | D:5      | Noticed a black bear
  4923 | D:5      | Killed a black bear
  4924 | D:5      | Reached skill level 5 in Invocations
  5076 | D:5      | Found a runed translucent door.
  5077 | D:5      | Noticed Crazy Yiuf
  5086 | D:5      | Killed Crazy Yiuf
  5347 | D:5      | Reached skill level 1 in Staves
  5347 | D:5      | Reached XP level 7. HP: 52/55 MP: 11/11
  5754 | D:5      | Reached skill level 6 in Invocations
  6314 | D:6      | Reached skill level 5 in Fighting
  6464 | D:6      | Noticed Menkaure
  6504 | D:6      | Reached XP level 8. HP: 62/62 MP: 12/12
  6515 | D:6      | Reached skill level 7 in Invocations
  6826 | D:6      | HP: 2/63 [killer bee (4)]
  7152 | D:6      | Noticed Eustachio
  7579 | D:6      | Killed Menkaure
  7830 | D:6      | Reached skill level 8 in Invocations
  7973 | D:6      | Found an ancient bone altar of Kikubaaqudgha.
  7974 | D:6      | Noticed a human
  7976 | D:6      | Killed a human
  8061 | D:6      | Reached skill level 5 in Staves
  8061 | D:6      | Reached XP level 9. HP: 69/69 MP: 15/15
  8492 | D:7      | Found a staircase to the Ecumenical Temple.
  8509 | D:7      | Reached **** piety under Lugonu
  8556 | D:7      | Reached skill level 9 in Invocations
  9532 | D:8      | Found a sparkling altar of Nemelex Xobeh.
  9673 | D:8      | Found a sacrificial altar of Ru.
  9947 | D:8      | Reached skill level 10 in Invocations
  9970 | D:8      | Reached XP level 10. HP: 15/79 MP: 12/17
 10498 | D:8      | Noticed a glowing shapeshifter
 10498 | D:8      | an orc wizard changed into a glowing shapeshifter
 10498 | D:8      | Noticed a manticore
 10498 | D:8      | a glowing shapeshifter changed into a manticore
 10500 | D:8      | Noticed a glowing orange brain
 10500 | D:8      | a manticore changed into a glowing orange brain
 10502 | D:8      | Noticed a swamp dragon
 10502 | D:8      | a glowing orange brain changed into a swamp dragon
 10504 | D:8      | Banished a swamp dragon
 10505 | D:8      | Reached skill level 11 in Invocations
 11656 | D:9      | Noticed a centaur warrior
 11672 | D:9      | Noticed a cyclops
 11688 | D:9      | You fall into a shaft and drop 2 floors!
 11735 | D:11     | Corrupted D:11
 11735 | D:11     | Noticed an unseen horror
 11735 | D:11     | Noticed a thrashing horror
 11735 | D:11     | Noticed a hellion
 11735 | D:11     | Noticed an Executioner
 11735 | D:11     | Noticed a tentacled starspawn
 11735 | D:11     | Noticed a smoke demon
 11735 | D:11     | Noticed a sun demon
 11735 | D:11     | Noticed a cacodemon
 11736 | D:11     | Noticed a large abomination
 11736 | D:11     | Found a staircase to the Lair.
 11736 | D:11     | Noticed a hell hog
 11736 | D:11     | Noticed a bone dragon
 11736 | D:11     | Noticed a thrashing horror
 11741 | D:11     | Noticed a thrashing horror
 11750 | D:11     | Noticed a tentacled starspawn
 11759 | D:11     | Killed a kobold demonologist
 11814 | D:11     | Killed a two-headed ogre
 11887 | D:11     | Noticed a boulder beetle
 11888 | D:11     | Banished a boulder beetle
 12170 | D:11     | Found a staircase to the Orcish Mines.
 12240 | D:11     | Noticed a deep elf pyromancer
 12275 | D:11     | Killed a deep elf pyromancer
 12276 | D:11     | Reached skill level 12 in Invocations
 12276 | D:11     | Reached XP level 11. HP: 14/87 MP: 18/20
 12991 | Lair:1   | Entered Level 1 of the Lair of Beasts
 13810 | Lair:1   | Slain by a blink frog

Illustrated notes

Levels and vault maps discovered:
D:1:      giann_wishing_wells, layout_rooms, chequers_ecumenical_altar_grove
D:2:      layout_basic, hex_large
D:3:      layout_basic, fedhas_altar_1, old_standard_altar,
          kennysheep_generic_room_3
D:4:      layout_rooms, elyvilon_altar_3, tso_oasis_becter,
          gammafunk_temple_overflow_claw, minmay_misc_feat_rows,
          kennysheep_pointless_box, hangedman_abyss_or_decor_stabs,
          nrook_campfire, uniq_blork_the_orc
D:5:      layout_cave_pods, hangedman_decor_growths, uniq_crazy_yiuf_cottage
D:6:      layout_cave_pools, tgw_kikubaaqudgha, uniq_menkaure, uniq_eustachio,
          uniq_edmund
D:7:      layout_rooms, minmay_temple_entry_butterflies
D:8:      layout_rooms, mainiacjoe_overflow_catwalk, lemuel_tele_altar
D:9:      nzn_winding_woodlands_small [nzn_winding_woodlands_5x15_jagged,
          nzn_winding_woodlands_center_triple_pond,
          nzn_winding_woodlands_5x15_pathside_ponds], layout_basic,
          mainiacjoe_overflow_alcove_4, enter_bailey_2, kb_rosetta
D:11:     layout_small_grid, erik_lair_orcish_takeover,
          kennysheep_orc_monster_closet_entryway, gauntlet_entry_generic
D:12:     layout_basic, hellmonk_ghost_happy_afterlife,
          hellmonk_guarded_unrand_lears, uniq_maurice
Lair:1:   layout_gridlike

Skill      XL: |  1  2  3  4  5  6  7  8  9 10 |
---------------+-------------------------------+-----
Invocations    | 3 4 5 6 8 10 12 | 12.7
Long Blades    | 3 4 |  4.5
Fighting       | 4 5 6 7 8 |  8.8
Staves         | 1 2 5 7 9 |  9.7
Armour         | |  2.1
Dodging        | |  0.8

Action                   |  1- 3 |  4- 6 |  7- 9 | 10-12 || total
-------------------------+-------+-------+-------+-------++-------
Melee: Falchion          |    98 |   174 |       |       ||   272
       Punch             |       |     1 |     3 |     5 ||     9
       Quarterstaff      |       |     5 |   211 |   162 ||   378
Throw: Dart              |       |     6 |     9 |     6 ||    21
       Javelin           |       |       |     6 |     4 ||    10
       Boomerang         |       |       |    26 |    22 ||    48
       Stone             |       |       |     4 |     2 ||     6
Invok: Depart the Abyss  |     1 |       |       |       ||     1
       Banish            |       |       |     4 |     6 ||    10
       Bend Space        |       |       |       |     2 ||     2
       Corrupt           |       |       |       |     1 ||     1
 Abil: Dig               |     2 |       |       |       ||     2
       Shaft Self        |       |       |       |     1 ||     1
  Use: Scroll            |       |       |     9 |       ||     9
       Potion            |       |       |       |     1 ||     1
Armor: Leather armour    |    35 |    19 |       |       ||    54
       Scale mail        |       |    34 |    16 |       ||    50
       Chain mail        |       |       |   124 |    76 ||   200
Dodge: Dodged            |    60 |    91 |    94 |    85 ||   330

Table legend: (Time is in decaauts)
 A = Elapsed time spent in this place.
 B = Non-inter-level travel time spent in this place.
 C = Inter-level travel time spent in this place.
 D = Time resting spent in this place.
 E = Time spent auto-exploring this place.
 F = Levels seen in this place.
 G = Mean time per level.
                   A        B        C        D        E       F      G
               +--------+--------+--------+--------+--------+-----+--------+
         Total |  13870 |  13335 |    535 |   5537 |   4821 |  13 | 1066.9 |
       Dungeon |  13061 |  12526 |    535 |   5147 |   4724 |  11 | 1187.4 |
          Lair |    809 |    809 |      0 |    390 |     97 |   1 |  809.0 |
         Abyss |      0 |      0 |      0 |      0 |      0 |   1 |    0.0 |
               +--------+--------+--------+--------+--------+-----+--------+

Top non-repeatable levels by time:
     D:5: 2588 daAuts
     D:2: 1721 daAuts
     D:6: 1620 daAuts
     D:7: 1425 daAuts
     D:1: 1317 daAuts
    D:11: 1298 daAuts
     D:3: 988 daAuts
     D:9: 988 daAuts
     D:8: 897 daAuts
  Lair:1: 809 daAuts
     D:4: 212 daAuts
    D:12: 1 daAuts
